 Dungeon Crawl Stone Soup version 0.21.1-1-g345015f (webtiles) character file.

26 chorionicmirror the Thaumaturge (level 3, -2/25 HPs)
             Began as a Gnoll Wanderer on June 9, 2018.
             Killed from afar by an orc wizard (10 damage)
             ... with a magic dart
             ... on level 4 of the Dungeon.
             The game lasted 00:15:20 (1127 turns).

chorionicmirror the Thaumaturge (Gnoll Wanderer)    Turns: 1127, Time: 00:15:21

Health: -2/25      AC:  2    Str: 14    XL:     3   Next: 8%
Magic:  1/13       EV: 11    Int: 11    God:
Gold:   30         SH:  5    Dex: 18    Spells: 9/20 levels left

rFire    . . .     SeeInvis .   i - +0 short sword
rCold    . . .     Gourm    .   k - +0 buckler
rNeg     . . .     Faith    .   d - +0 robe
rPois    .         Spirit   .   (no helmet)
rElec    .         Reflect  .   (no cloak)
rCorr    .         Harm     .   (no gloves)
MR       .....                  (no boots)
Stlth    ++........             (no amulet)
HPRegen  0.08/turn              (no ring)
MPRegen  0.13/turn              (no ring)

@: very slightly contaminated, slowed, very slow
A: distributed training, fangs 1, strong nose
a: no special abilities


You were on level 4 of the Dungeon.
You were not hungry.

You visited 1 branch of the dungeon, and saw 3 of its levels.

You collected 30 gold pieces.

Inventory:

Hand Weapons
 i - a +0 short sword (weapon)
Armour
 d - a +0 robe (worn)
 k - a +0 buckler (worn)
Scrolls
 c - a scroll of teleportation
Potions
 e - a potion of mutation {unknown}
 g - a potion of haste {unknown}
 j - a potion of flight {unknown}
Books
 a - a book of Minor Magic

   Spells                             Type                      Level
   a - Magic Dart                     Conjuration                  1
   b - Blink                          Translocation                2
   c - Call Imp                       Summoning                    2
   d - Slow                           Hexes                        2
   e - Conjure Flame                  Conjuration/Fire             3
   f - Mephitic Cloud                 Conjuration/Poison/Air       3
 b - the Tome of Confrontation

   Spells                             Type                      Level
   a - Throw Flame                    Conjuration/Fire             2
   b - Searing Ray                    Conjuration                  2
Comestibles
 f - a ration


   Skills:
 + Level 0.6 Fighting
 + Level 0.6 Short Blades
 + Level 0.6 Long Blades
 + Level 0.6 Axes
 + Level 0.6 Maces & Flails
 + Level 0.6 Polearms
 + Level 0.6 Staves
 + Level 0.6 Slings
 + Level 0.6 Bows
 + Level 0.6 Crossbows
 + Level 2.5 Throwing
 + Level 0.6 Armour
 + Level 0.6 Dodging
 + Level 0.6 Stealth
 + Level 2.5 Shields
 + Level 0.6 Unarmed Combat
 + Level 9.2 Spellcasting
 + Level 2.1 Conjurations
 + Level 2.1 Hexes
 + Level 0.4 Charms
 + Level 0.4 Summonings
 + Level 0.4 Necromancy
 + Level 0.4 Translocations
 + Level 0.4 Transmutations
 + Level 0.4 Fire Magic
 + Level 2.1 Ice Magic
 + Level 2.1 Air Magic
 + Level 0.4 Earth Magic
 + Level 0.4 Poison Magic
 + Level 0.8 Invocations
 + Level 0.6 Evocations


You had 9 spell levels left.
You knew the following spells:

 Your Spells              Type           Power        Failure   Level  Hunger
a - Magic Dart            Conj           #...         7%          1    None
b - Searing Ray           Conj           #.....       11%         2    None
c - Throw Flame           Conj/Fire      #.....       14%         2    None
d - Blink                 Tloc           N/A          21%         2    None
e - Call Imp              Summ           #.......     21%         2    None
f - Slow                  Hex            #.......     11%         2    None


Dungeon Overview and Level Annotations

Branches:
Dungeon (2/15)

Altars:
Sif Muna


Innate Abilities, Weirdness & Mutations

Your experience applies equally to all skills.
You have very sharp teeth.
Your uncanny sense of smell can sniff out nearby items.


Message History

Casting: Searing Ray
Confirm with . or Enter, or press ? or * to list all spells.
Aiming: Searing Ray
Press: ? - help, Shift-Dir - straight line, f/p - orc wizard
Aim: an orc wizard, wielding a dagger and wearing a robe (moderately wounded, fast)
The searing ray hits the orc wizard.
The orc wizard is heavily wounded. (Press . to maintain the ray.)
The orc wizard points at you and mumbles some strange words.
The magic dart hits you!
Casting: Searing Ray
Confirm with . or Enter, or press ? or * to list all spells.
You don't have enough magic to cast that spell.
Unknown command.
The orc wizard casts a spell at you. The magic dart hits you!
* * * LOW HITPOINT WARNING * * *
The orc wizard casts a spell at you. The magic dart hits you!
You die...

##........
#....≈≈≈..
##...≈≈≈≈≈.
#...≈≈...≈≈
#...≈≈.>.≈≈
#...≈≈o..≈≈
##...≈≈≈≈≈.
#....≈≈≈..
##@.......
##.......
##...##
._.# ...#
###


You could see an orc wizard.

Vanquished Creatures
  A dart slug (D:1)
  A ball python (D:1)
  2 giant cockroaches (D:1)
  4 goblins (D:1)
  3 hobgoblins (D:1)
  3 bats (D:1)
  2 frilled lizards (D:1)
  5 kobolds (D:1)
  2 rats (D:1)
23 creatures vanquished.

Notes
Turn   | Place    | Note
-------+----------+-------------------------------------------
     0 | D:1      | Reached skill level 9 in Spellcasting
     0 | D:1      | chorionicmirror the Gnoll Wanderer began the quest for the Orb.
     0 | D:1      | chorionicmirror set off with: a book of Minor Magic, the Tome of Confrontation, a scroll of teleportation, a +0 robe, a +0 dagger, a ration
     0 | D:1      | Reached XP level 1. HP: 13/13 MP: 10/10
     0 | D:1      | Identified the Tome of Confrontation
     2 | D:1      | Learned a level 1 spell: Magic Dart
   231 | D:1      | Reached XP level 2. HP: 15/19 MP: 12/12
   250 | D:1      | Learned a level 2 spell: Searing Ray
   253 | D:1      | Learned a level 2 spell: Throw Flame
   256 | D:1      | Learned a level 2 spell: Blink
   259 | D:1      | Learned a level 2 spell: Call Imp
   262 | D:1      | Learned a level 2 spell: Slow
   610 | D:1      | Learned a level 2 spell: Blink
   644 | D:1      | Reached XP level 3. HP: 24/25 MP: 1/13
  1108 | D:2      | You fall through a shaft for 2 floors!
  1110 | D:4      | Found a deep blue altar of Sif Muna.
  1127 | D:4      | Killed from afar by an orc wizard

Skill      XL: |  1 |
---------------+----+-----
Spellcasting   | |  9.2
Conjurations   | 2 |  2.1
Hexes          | 2 |  2.1
Ice Magic      | 2 |  2.1
Air Magic      | 2 |  2.1
Fighting       | |  0.6
Short Blades   | |  0.6
Long Blades    | |  0.6
Axes           | |  0.6
Maces & Flails | |  0.6
Polearms       | |  0.6
Staves         | |  0.6
Slings         | |  0.6
Bows           | |  0.6
Crossbows      | |  0.6
Throwing       | |  2.5
Armour         | |  0.6
Dodging        | |  0.6
Stealth        | |  0.6
Shields        | |  2.5
Unarmed Combat | |  0.6
Charms         | |  0.4
Summonings     | |  0.4
Necromancy     | |  0.4
Translocations | |  0.4
Transmutations | |  0.4
Fire Magic     | |  0.4
Earth Magic    | |  0.4
Poison Magic   | |  0.4
Invocations    | |  0.8
Evocations     | |  0.6

Action                   || total
-------------------------++-------
Melee: Short sword       ||    49
       Dagger            ||     6
       Bite              ||     4
Throw: Stone             ||     4
 Cast: Magic Dart        ||    31
       Slow              ||     5
       Throw Flame       ||     3
       Blink             ||     1
       Searing Ray       ||     3
  Use: Scroll            ||     1
  Eat: Ration            ||     1
Armor: Robe              ||    14
Dodge: Dodged            ||    32
Block: Buckler           ||     4
